AoeStats
← TheLastPalomin

Arabia

507562513Analyzed
1v1 RM · 13d ago on Sep 18, 2026· 43m 50s· 2 players
Game mode
Random Map
Map size
Tiny (2 player)
Population
200
Speed
Normal
Resources
Standard
Victory
Conquest
Starting age
Dark Age
Ending age
Imperial Age
RankedLock teamsTeams togetherTeam positionsShared explorationLock speedFull tech treeHidden civsTurbo modeCheats
Victory
Defeat
🇨🇱 Ethiopians · Chile
957
+18
🇨🇴 Byzantines · Colombia
994
-18
TheLastPalomin
2:09 Loom
6:36 Loom
9:11 Feudal Age
9:47 Double-Bit Axe
12:52 Fletching
17:13 Wheelbarrow
18:47 Padded Archer Armor
22:41 Castle Age
20:43 Horse Collar
23:14 Crossbowman
24:35 Bow Saw
24:41 Bodkin Arrow
25:02 Leather Archer Armor
28:25 Thumb Ring
28:30 Scale Barding Armor
28:32 Stone Mining
28:33 Gold Mining
28:49 Heavy Plow
35:51 Squires
36:05 Forging
35:56 Scale Mail Armor
36:18 Chain Barding Armor
40:37 Iron Casting
40:17 Chain Mail Armor
39:51 Arson
44:57 Stone Shaft Mining
44:59 Gold Shaft Mining
II.Alejo.II
3:27 Loom
4:46 Loom
13:06 Feudal Age
13:48 Double-Bit Axe
20:19 Castle Age
19:16 Gold Mining
22:11 Castle Age
20:21 Scale Barding Armor
20:26 Forging
21:08 Fletching
22:08 Forging
23:25 Wheelbarrow
23:44 Wheelbarrow
29:09 Iron Casting
29:07 Chain Barding Armor
29:22 Iron Casting
30:04 Iron Casting
29:32 Horse Collar
34:55 Bow Saw
36:27 Bodkin Arrow
39:14 Gold Shaft Mining
40:06 Thumb Ring
39:21 Elite Skirmisher
Connection lost

Rejoining the realm…

Still unreachable

The connection could not be restored.

Session expired

The server has moved on; the page needs a fresh start.